 Dungeon Crawl Stone Soup version 0.21.1-1-g345015fe64 (webtiles) character file.

2504788 Findor the Shatterer (level 27, 224/224 HPs)
             Began as a Demonspawn Gladiator on Apr 22, 2018.
             Was the Champion of Makhleb.
             Escaped with the Orb
             ... and 4 runes!
             The game lasted 03:50:25 (64933 turns).

Findor the Shatterer (Demonspawn Gladiator)        Turns: 64933, Time: 03:50:26

Health: 224/224    AC: 48    Str: 33      XL:     27
Magic:  37/37      EV: 18    Int:  5 (7)  God:    Makhleb [******]
Gold:   6902       SH: 28    Dex: 16      Spells: 26/26 levels left

rFire    + + +     SeeInvis .   a - +9 eveningstar (freeze)
rCold    + + .     Gourm    .   r - +3 large shield {reflect}
rNeg     + . .     Faith    .   R - +14 crystal plate armour
rPois    +         Spirit   .   (helmet unavailable)
rElec    .         Reflect  +   q - scarf {rC+ rF+}
rCorr    +         Harm     .   c - +2 pair of gloves {Str+3}
MR       +++++                  G - +2 pair of boots
Stlth    ..........             C - amulet "Tiahyfuo" {+Rage rN+ Str+3}
HPRegen  0.87/turn              B - ring "Zibrusot" {rCorr rF++ MR++}
MPRegen  0.25/turn              k - ring of poison resistance

@: no status effects
A: horns 3, blurry vision 1, cold resistance 1, dopey 1, foul stench 2, magic
resistance 1, regeneration 1, spiny 3, augmentation 3, rot immunity, sanguine
armour 3
0: Orb of Zot
}: 4/15 runes: decaying, silver, abyssal, gossamer
a: Minor Destruction, Lesser Servant of Makhleb, Major Destruction, Greater
Servant of Makhleb, Renounce Religion, Evoke Berserk Rage


You escaped.
You worshipped Makhleb.
Makhleb was exalted by your worship.
You were full.

You visited 11 branches of the dungeon, and saw 52 of its levels.
You visited the Abyss 2 times.
You also visited: Labyrinth, Bailey and Ice Cave.

You collected 8792 gold pieces.
You spent 1890 gold pieces at shops.


Innate Abilities, Weirdness & Mutations

You have a pair of large horns on your head.
You frequently emit foul miasma when damaged in melee.
You are completely covered in sharp spines.
Your magical and physical power is greatly enhanced at high health.
You are immune to rotting.
When seriously injured, your bleeding wounds create very thick armour. (AC +0)
Scrolls take you a little longer to read.
Your flesh is cold resistant. (rC+)
You are dopey. (Int -2)
You are resistant to hostile enchantments. (MR+)
Your natural rate of healing is unusually fast.


   Skills:
 + Level 19.9 Fighting
 + Level 25.1 Maces & Flails
 - Level 1.7 Throwing
 + Level 20.0 Armour
 + Level 18.7 Dodging
 * Level 20.4 Shields
 - Level 20.0 Invocations


You had 26 spell levels left.
You didn't know any spells.

Inventory:

Hand Weapons
 a - a +9 eveningstar of freezing (weapon)
   (You found it on level 6 of the Lair of Beasts)
 b - a +4 demon whip of electrocution
   (You took it off a hell knight on level 1 of the Depths)
Missiles
 y - 14 throwing nets {!f}
 P - 17 javelins of returning (quivered)
Armour
 c - a +2 pair of gloves of strength (worn)
   (You acquired it on level 5 of the Vaults)
 l - a +2 cloak
   (You took it off a draconian annihilator on level 4 of the Realm of Zot)
 o - +0 gold dragon scales
   (You found it on level 2 of the Realm of Zot)
 q - a scarf of resistance (worn)
   (You acquired it on level 3 of the Depths)
 r - a +3 large shield of reflection (worn)
   (You took it off a deep elf high priest on level 5 of the Vaults)
 G - a +2 pair of boots (worn)
   (You found it on level 5 of the Lair of Beasts)
 R - a +14 crystal plate armour (worn)
   (You took it off an orc warrior in a bailey)
 Z - a +1 cloak of poison resistance
   (You took it off Nikola on level 2 of the Elven Halls)
Jewellery
 g - an uncursed ring of protection from cold
   (You found it on level 8 of the Dungeon)
 k - a ring of poison resistance (right hand)
   (You bought it in a shop on level 2 of the Orcish Mines)
 z - an uncursed ring of see invisible
   (You found it on level 1 of the Dungeon)
 B - the ring "Zibrusot" (left hand) {rCorr rF++ MR++}
   (You found it on level 1 of the Realm of Zot)

   [ring of resist corrosion]

   It greatly protects you from fire.
   It affects your resistance to hostile enchantments.
 C - the amulet "Tiahyfuo" (around neck) {+Rage rN+ Str+3}
   (You took it off a deep elf master archer on level 3 of the Elven Halls)

   [amulet of rage]

   It affects your strength (+3).
   It protects you from negative energy.
   It lets you go berserk.
 E - a +5 ring of slaying
   (You found it on level 3 of the Dungeon)
 H - the ring "Ukowk" {-Tele rElec EV+3 Dex+3}
   (You found it on level 6 of the Lair of Beasts)

   [ring of evasion]

   It affects your evasion (+3).
   It affects your dexterity (+3).
   It insulates you from electricity.
   It prevents most forms of teleportation.
 L - an uncursed ring of protection from fire
   (You found it on level 2 of the Realm of Zot)
 N - a +1 ring of evasion {unknown}
   (You took it off a purple draconian on level 3 of the Realm of Zot)
Wands
 d - a wand of iceblast (69)
   (You found it on level 4 of the Dungeon)
 s - a wand of clouds (4)
   (You found it on level 2 of the Realm of Zot)
 v - a wand of digging (39)
   (You took it off Grinder on level 6 of the Dungeon)
 x - a wand of acid (28)
   (You found it in a labyrinth)
 M - a wand of polymorph (10)
   (You found it on level 2 of the Crypt)
 W - a wand of scattershot (5)
   (You found it on level 15 of the Dungeon)
Scrolls
 e - 34 scrolls of remove curse {@r2}
 h - 10 scrolls of amnesia
 m - 7 scrolls of fear
 t - 3 scrolls of fog
 u - 5 scrolls of magic mapping
 T - 21 scrolls of identify {@r1}
 U - 5 scrolls of blinking
 X - 11 scrolls of teleportation {@r4}
Potions
 i - 3 potions of cancellation
 j - a potion of heal wounds {@q2}
 n - 2 potions of invisibility
 p - 2 potions of magic
 w - 2 potions of mutation {!q}
 D - 14 potions of curing {@q1}
 F - a potion of resistance
 I - 6 potions of brilliance
 K - 7 potions of flight
Miscellaneous
 Q - 3 phantom mirrors
Comestibles
 f - 58 rations


Message History

(D) Dungeon (T) Temple (L) Lair (S) Swamp (N) Spider Nest (M) Slime Pits (O) Orcish Mines (E) Elven Halls (V) Vaults (C) Crypt (U) Depths (H) Hell (Z) Zot
Where to? (Enter - D:4 @ (x,y), ? - help)
A green death comes into view. 2 sixfirhies come into view.
A cacodemon comes into view.
The cacodemon shouts!
You block the sixfirhy's attack.
The sixfirhy hits you but does no damage.
You block the sixfirhy's attack. The sixfirhy barely misses you.
You block the sixfirhy's attack. x2
The cacodemon gestures at you. You resist with almost no effort.
The sixfirhy is struck by your spines. The sixfirhy closely misses you.
The sixfirhy hits you but does no damage.
You block the sixfirhy's attack. The sixfirhy is struck by your spines.
The sixfirhy misses you. You block the sixfirhy's attack.
The sixfirhy hits you but does no damage.
You block the sixfirhy's attack. You block the sixfirhy's attack.
You block the sixfirhy's attack. The sixfirhy is struck by your spines.
The sixfirhy hits you but does no damage.
You block the sixfirhy's attack. You block the sixfirhy's attack.
The sixfirhy hits you but does no damage.
The sixfirhy is struck by your spines.
The sixfirhy hits you but does no damage.
You block the sixfirhy's attack.
There is a stone staircase leading up here.
You block the sixfirhy's attack.
The sixfirhy hits you but does no damage.
You block the sixfirhy's attack.
You climb upwards.
There is a stone staircase leading down here.
You bludgeon the sixfirhy!! You freeze the sixfirhy.
You kill the sixfirhy!
Makhleb accepts your kill.
There is an escape hatch in the ceiling here.
A mysterious force pulls you upwards. The hatch slams shut behind you.
There is a stone staircase leading up here.
You climb upwards.
There is a stone staircase leading down here.
You see here 24 stones.
You enter the shallow water.
Moving in this stuff is going to be slow.
There is a staircase leading out of the dungeon here.
You have escaped!

#.###.# #.#.... #.#.#.#
#.#.#.# #.....# ###.###
###.### #### #####
#...... #..###@..####
#.#.###
#..≈♣##.##♣≈#####.#..##
#..≈≈≈#.#♣≈≈......##.##
#..≈≈≈≈≈≈≈≈≈.####......
#..≈≈♣#.#♣≈≈## ####.##
#..≈P##.##♣≈# #.##
##..###...#### #.##
#(.##
###############.##
###.##### #.....[.##.##


There were no monsters in sight!

Vanquished Creatures
  5 orbs of fire
  5 ancient liches
  The ghost of Toogi the Merry Centaur, a master CeHu of Okawaru (Zot:5)
  A juggernaut (Depths:2)
  Saint Roka (Orc:2)
  Bai Suzhen (Vaults:2)
  Margery (Depths:3)
  Xtahua (Vaults:3)
  A curse toe (Zot:3)
  6 Killer Klowns
  2 caustic shrikes (Depths:2)
  Nikola (Elf:2)
  10 golden dragons
  the Enchantress (Depths:3)
  7 electric golems
  Jorgrun (Elf:3)
  17 tentacled monstrosities
  29 Orb Guardians
  A deep elf blademaster (Elf:3)
  2 titans
  5 quicksilver dragons
  A deep elf master archer (Elf:3)
  A tentacled starspawn (Abyss:5)
  3 liches
  2 Executioners
  7 sphinxes
  2 ancient champions
  23 storm dragons
  8 shadow dragons
  8 tengu reavers
  2 death cobs
  2 thorn hunters
  Agnes (Spider:1)
  19 frost giants
  5 draconian monks
  5 deep elf sorcerers (Elf:3)
  A fire giant (shapeshifter) (Vaults:5)
  5 draconian scorchers
  12 fire giants
  3 iron dragons
  3 draconian knights
  8 ghost moths
  2 draconian shifters
  The ghost of hofbold the Fighter, a journeyman DsBe of Trog (Depths:1)
  12 vault wardens
  Aizul (Vaults:2)
  8 emperor scorpions
  3 curse skulls
  10 draconian annihilators
  3 spriggan defenders (Depths:3)
  An orc warlord (Vaults:5)
  5 ghouls (Crypt:1)
  The ghost of RepoMan the Unseen, an adept VSAs of Wu Jian (D:15)
  A war gargoyle (Vaults:5)
  4 deep elf elementalists
  A draconian stormcaller (Zot:1)
  9 ironheart preservers
  21 very ugly things
  2 caustic shrike skeletons
  5 entropy weavers
  Nessos (Orc:2)
  11 deep elf demonologists
  16 green draconians
  5 vampire knights
  13 stone giants
  20 black draconians
  17 purple draconians
  12 yellow draconians
  Azrael (D:13)
  5 spark wasps
  16 red draconians
  15 white draconians
  13 deep elf annihilators
  The ghost of DarkMoon the Transmogrifier, a journeyman DrTm of Sif Muna (Lair:1)
  9 deep elf death magi
  A blizzard demon (Abyss:5)
  23 ettins
  A minotaur (Lab)
  A crystal guardian (Vaults:4)
  3 jiangshi
  Josephine (Spider:1)
  10 fire dragons
  Harold (D:12)
  22 yaktaur captains
  10 rakshasas
  11 deep elf high priests
  22 hydras
  15 great orbs of eyes
  13 ice dragons
  29 vault guards
  3 catoblepae
  6 spriggan air magi
  A catoblepas (shapeshifter) (Vaults:4)
  Erica (Lair:2)
  6 death knights
  19 centaur warriors
  7 alligators
  An alligator (shapeshifter) (Depths:3)
  18 ogre magi
  48 two-headed ogres
  20 dancing weapons
  A queen ant (shapeshifter) (Vaults:5)
  6 death yaks (Lair:6)
  4 tengu warriors
  3 orc high priests
  8 deep troll shamans
  10 deep troll earth magi
  7 vampire magi
  3 thrashing horrors (Abyss:5)
  A sun demon (Depths:3)
  2 soul eaters
  The ghost of Delanovic the Covert, a journeyman SpEn of Gozag (D:10)
  14 hell knights
  9 spriggan berserkers
  A wretched star (Abyss:5)
  10 deep elf knights
  2 iron trolls
  A ghost moth zombie (Crypt:1)
  An unseen horror (shapeshifter) (Vaults:2)
  8 flayed ghosts
  6 shadow wraiths
  An anaconda zombie (Crypt:1)
  3 sixfirhies
  41 deep trolls
  4 unseen horrors
  A golden dragon zombie (Vaults:5)
  13 skeletal warriors
  A death drake (Depths:5)
  A spark wasp zombie (Depths:2)
  4 glowing orange brains
  10 swamp dragons
  5 deep elf archers
  2 glowing orange brains (shapeshifter)
  A shadow demon (Depths:3)
  A spriggan druid (Swamp:4)
  2 harpies (shapeshifter)
  11 phantasmal warriors
  A small abomination (Vaults:5)
  8 necromancers
  Pikel (D:6)
  6 lindwurms
  7 harpies (Vaults:3)
  17 ironbrand convokers
  20 orb spiders
  9 wizards
  6 shambling mangroves
  An orb spider (shapeshifter) (Vaults:3)
  17 orc knights
  29 wolf spiders
  5 fauns (Depths:3)
  A wolf spider (shapeshifter) (Depths:5)
  59 deep elf magi
  83 ugly things
  6 orc sorcerers
  2 mana vipers (shapeshifter)
  A stone giant zombie (Crypt:2)
  A fire giant zombie (Vaults:2)
  38 moths of wrath
  2 salamanders (shapeshifter)
  3 centaur zombies
  7 cyclopes
  A manticore (Depths:3)
  A black mamba (Lair:5)
  A rust devil (Depths:3)
  A shining eye (shapeshifter) (Vaults:5)
  A worldbinder (Abyss:5)
  A toenail golem (Depths:1)
  16 elephants (Lair:6)
  The ghost of LiquoriceLizzard the Cleaver, a novice HOFi (D:5)
  A stone giant skeleton (Vaults:2)
  A torpor snail (shapeshifter) (Vaults:5)
  A frost giant skeleton (Vaults:2)
  18 vault sentinels
  2 ice statues (IceCv)
  13 spiny frogs
  A gargoyle (D:13)
  2 torpor snails
  An orange demon (Depths:1)
  2 smoke demons
  A rime drake (Lair:6)
  A pale draconian zombie (Crypt:2)
  54 yaktaurs
  2 kobold demonologists
  A yaktaur zombie (Vaults:2)
  9 demonic crawlers
  11 freezing wraiths
  4 komodo dragons
  A silent spectre (Abyss:5)
  3 trolls
  A red draconian skeleton (Crypt:2)
  A yellow draconian skeleton (Crypt:1)
  A white draconian skeleton (Crypt:1)
  2 guardian mummies
  A polar bear (shapeshifter) (Depths:2)
  2 ancient zymes (Abyss:5)
  A wind drake (Depths:5)
  2 jumping spiders (shapeshifter)
  29 jumping spiders
  A queen bee (shapeshifter) (Depths:2)
  A troll (shapeshifter) (Vaults:5)
  6 tengu conjurers
  3 tyrant leeches
  A polar bear (Lair:6)
  2 meliai (shapeshifter)
  20 hornets
  Prince Ribbit (D:8)
  Grinder (D:6)
  An iron troll skeleton (Crypt:2)
  A guardian serpent zombie (Crypt:2)
  4 blink frogs (Swamp:2)
  12 hippogriffs
  13 bog bodies
  51 slime creatures
  A stone giant simulacrum (Vaults:1)
  4 large abominations
  A hippogriff (shapeshifter) (Depths:2)
  Sigmund (D:2)
  2 starcursed masses (Abyss:5)
  A fire giant simulacrum (Vaults:5)
  5 flying skulls (Crypt:1)
  66 redbacks
  15 spriggans
  6 shadows
  A human (shapeshifter) (Vaults:2)
  15 wraiths
  10 water elementals
  2 ettin skeletons
  4 wyverns
  A fire bat (shapeshifter) (Depths:2)
  27 tarantellas
  2 vampires
  A ynoxinul (Abyss:5)
  11 air elementals
  7 fire elementals
  40 yaks
  A neqoxec (Depths:3)
  4 golden eyes (Abyss:5)
  Grum (D:8)
  3 hungry ghosts
  A golden eye (shapeshifter) (Depths:3)
  A basilisk (Lair:4)
  2 chaos spawn
  28 swamp worms
  5 wargs
  17 vampire mosquitoes
  A torturous demonspawn zombie (Crypt:1)
  2 soldier ants
  An acid dragon (D:12)
  10 insubstantial wisps
  11 water moccasins
  Duvessa (D:4)
  A floating eye (Abyss:5)
  7 porcupines
  2 black bears
  54 orc warriors
  23 swamp drakes
  6 ice beasts (IceCv)
  A sky beast (D:11)
  2 slaves (D:6)
  An ettin simulacrum (Vaults:3)
  3 necrophages
  13 boggarts
  2 black bears (shapeshifter)
  7 wolves
  An eye of draining (shapeshifter) (Vaults:2)
  3 phantoms
  40 ogres
  A lindwurm zombie (Crypt:1)
  A snapping turtle skeleton (Crypt:1)
  An ogre (shapeshifter) (Depths:2)
  An elf skeleton (Vaults:5)
  31 centaurs
  10 crocodiles
  A big kobold (D:10)
  6 bullfrogs
  An elf zombie (D:9)
  Blork the orc (Orc:2)
  A big kobold (shapeshifter) (Vaults:4)
  2 earth elementals
  Dowan (D:4)
  2 scorpions
  A wyvern skeleton (D:13)
  A troll zombie (D:9)
  19 killer bees
  10 wights
  4 electric eels
  3 howler monkeys
  8 crimson imps
  A wolf skeleton (Crypt:1)
  2 bullfrog zombies
  2 human simulacra
  5 human zombies
  Crazy Yiuf (D:7)
  A bullfrog skeleton (D:4)
  8 hounds
  A gnoll shaman (Orc:1)
  22 orc priests
  An iron imp (Depths:1)
  6 jellies
  2 centaur skeletons
  7 human skeletons
  2 iguanas (D:5)
  38 orc wizards
  A worker ant (shapeshifter) (Vaults:4)
  14 worker ants
  2 hound zombies
  3 hound skeletons
  6 mummies
  9 gnolls
  17 adders
  A river rat (D:5)
  5 shadow imps
  12 white imps (Lair:6)
  2 oozes
  3 adder skeletons
  18 worms
  5 dart slugs
  6 leopard geckos
  132 orcs
  2 giant cockroaches
  9 goblins
  13 hobgoblins
  8 jackals
  3 quokkas
  2 ball pythons (D:1)
  A ball python skeleton (D:4)
  8 bats
  4 frilled lizards
  16 kobolds
  2 leopard gecko skeletons
  An orc skeleton (Crypt:2)
  8 rats
  3 briar patches (Swamp:2)
  A plant (Lair:2)
2597 creatures vanquished.

Vanquished Creatures (collateral kills)
  An ancient lich (Depths:2)
  A golden dragon (Depths:2)
  A lich (Depths:2)
  A deep elf elementalist (Elf:3)
  A spriggan defender (Depths:3)
  A stone giant (Depths:2)
  A deep elf annihilator (Elf:3)
  An ettin (Depths:2)
  An ice dragon (Depths:2)
  4 dancing weapons
  A spriggan berserker (Depths:2)
  3 spriggans (Depths:3)
  A wizard (Depths:2)
  A necromancer (Depths:2)
  An ugly thing (Depths:2)
  2 deep elf magi (Elf:2)
  A slime creature (Depths:2)
  A yaktaur (Depths:2)
  3 hornets (Depths:3)
  A golden eye (shapeshifter) (Depths:2)
  An orc warrior (Orc:1)
  A centaur (Bailey)
  A boggart (Depths:3)
  An orc wizard (Orc:1)
  6 orcs
38 creatures vanquished.

Vanquished Creatures (others)
  A lich (Depths:3)
  A fire giant (Zot:2)
  3 draconian knights
  A yellow draconian (Zot:2)
  2 ettins
  A yaktaur captain (Vaults:4)
  2 centaur warriors
  A spriggan berserker (Depths:3)
  2 deep elf archers
  An orb spider (Spider:3)
  A cyclops (Depths:3)
  An ugly thing (IceCv)
  A moth of wrath (Zot:5)
  A manticore (Depths:3)
  A vault sentinel (Vaults:5)
  10 yaktaurs
  A harpy skeleton (D:15)
  An air elemental (Depths:5)
  A swamp drake (Depths:5)
  An orc warrior (Vaults:3)
  A boggart (Depths:3)
  4 centaurs
  A hornet simulacrum (D:13)
  A gnoll (Orc:1)
  2 orcs
  2 kobolds (D:14)
  2 briar patches (Swamp:4)
  A lurking horror (Abyss:5)
  30 plants
  2 starspawn tentacles (Abyss:5)
80 creatures vanquished.

Grand Total: 2715 creatures vanquished

Notes
Turn   | Place    | Note
-------+----------+-------------------------------------------
     0 | D:1      | Findor the Demonspawn Gladiator began the quest for the Orb.
     0 | D:1      | Reached XP level 1. HP: 16/16 MP: 1/1
   160 | D:1      | Gained mutation: You are partially covered in sharp spines. [demonic ancestry]
   160 | D:1      | Reached XP level 2. HP: 22/22 MP: 2/2
   166 | D:1      | Reached skill level 3 in Maces & Flails
   340 | D:1      | Gained mutation: When seriously injured, your bleeding wounds create armour. (AC +0) [demonic ancestry]
   340 | D:1      | Reached XP level 3. HP: 27/27 MP: 3/3
   701 | D:2      | Reached skill level 4 in Maces & Flails
  1284 | D:2      | Reached XP level 4. HP: 31/33 MP: 4/4
  1335 | D:2      | Found a deep blue altar of Sif Muna.
  1858 | D:2      | Noticed Sigmund
  1925 | D:2      | Killed Sigmund
  1925 | D:2      | Reached skill level 6 in Maces & Flails
  1925 | D:2      | Gained mutation: You are immune to rotting. [demonic ancestry]
  1925 | D:2      | Reached XP level 5. HP: 36/38 MP: 5/5
  1925 | D:2      | Reached XP level 6. HP: 42/44 MP: 6/6
  2055 | D:2      | Found a sparkling altar of Nemelex Xobeh.
  2361 | D:3      | Found a hide-covered altar of Uskayaw.
  2839 | D:4      | Reached skill level 7 in Maces & Flails
  2891 | D:4      | Found an iron altar of Okawaru.
  2893 | D:4      | Noticed Duvessa
  2928 | D:4      | Killed Duvessa
  2928 | D:4      | Gained mutation: You are mostly covered in sharp spines. [demonic ancestry]
  2928 | D:4      | Reached XP level 7. HP: 41/50 MP: 7/7
  2997 | D:4      | Noticed Dowan
  2999 | D:4      | Killed Dowan
  3359 | D:4      | HP: 3/50 [ogre/giant club (19)]
  3362 | D:4      | Reached skill level 8 in Maces & Flails
  3741 | D:4      | Found a blossoming altar of Fedhas.
  3809 | D:5      | Entered Level 5 of the Dungeon
  4113 | D:4      | Gained mutation: You are completely covered in sharp spines. [demonic ancestry]
  4113 | D:4      | Reached XP level 8. HP: 15/56 MP: 8/8
  4122 | D:4      | Reached skill level 9 in Maces & Flails
  4869 | D:5      | Found a basalt altar of Yredelemnul.
  4870 | D:5      | Found a burning altar of Makhleb.
  5438 | D:5      | Noticed LiquoriceLizzard's ghost (novice HOFi)
  5464 | D:5      | Killed LiquoriceLizzard's ghost
  5464 | D:5      | Reached skill level 10 in Maces & Flails
  5601 | D:5      | Found a sacrificial altar of Ru.
  5794 | D:6      | Gained mutation: You have a pair of small horns on your head. [demonic ancestry]
  5794 | D:6      | Reached XP level 9. HP: 61/61 MP: 9/9
  5799 | D:6      | Reached skill level 11 in Maces & Flails
  5988 | D:6      | Noticed Pikel
  5997 | D:6      | Killed Pikel
  6037 | D:6      | Found a hazy altar of Hepliaklqana.
  6103 | D:6      | Reached skill level 12 in Maces & Flails
  6233 | D:6      | Noticed Grinder
  6244 | D:6      | Killed Grinder
  6295 | D:6      | Found a shattered altar of Ashenzari.
  6642 | D:5      | Became a worshipper of Makhleb the Destroyer
  6951 | D:7      | Reached skill level 1 in Armour
  6951 | D:7      | Reached skill level 1 in Invocations
  7054 | D:7      | Reached skill level 3 in Dodging
  7077 | D:7      | Reached * piety under Makhleb
  7161 | D:7      | Found a runed door.
  7192 | D:7      | Found a staircase to the Ecumenical Temple.
  7200 | Temple   | Entered the Ecumenical Temple
  7475 | D:7      | Gained mutation: Your magical and physical power is slightly enhanced at high health. [demonic ancestry]
  7475 | D:7      | Reached XP level 10. HP: 38/68 MP: 11/11
  8134 | D:7      | Noticed Crazy Yiuf
  8138 | D:7      | Killed Crazy Yiuf
  8196 | D:8      | Noticed Grum
  8282 | D:8      | Reached skill level 3 in Fighting
  8620 | D:8      | Found a radiant altar of Vehumet.
  8638 | D:8      | Found a glowing silver altar of Zin.
  8640 | D:8      | Reached ** piety under Makhleb
  8657 | D:8      | Killed Grum
  8657 | D:8      | Reached skill level 3 in Invocations
  8744 | D:8      | Reached skill level 13 in Maces & Flails
  8800 | D:8      | Noticed Prince Ribbit
  8803 | D:8      | Killed Prince Ribbit
  9708 | D:9      | Reached skill level 3 in Armour
  9830 | D:9      | Found a sacrificial altar of Ru.
  9831 | D:9      | Noticed an eight-headed hydra
  9837 | D:9      | Killed an eight-headed hydra
 10015 | D:9      | Reached *** piety under Makhleb
 10193 | D:9      | Reached XP level 11. HP: 78/78 MP: 14/14
 10195 | D:9      | Found an ancient bone altar of Kikubaaqudgha.
 10491 | D:9      | Found a staircase to the Orcish Mines.
 10573 | D:9      | Found a glowing golden altar of the Shining One.
 10676 | D:10     | Entered Level 10 of the Dungeon
 10750 | D:10     | Got a steaming chain mail
 10864 | D:10     | Found a flagged portal.
 10875 | Bailey   | Entered a bailey
 11186 | Bailey   | Reached skill level 1 in Shields
 11188 | Bailey   | Reached **** piety under Makhleb
 12045 | Bailey   | Identified the +8 chain mail of Misanthropy {Str+2 Dex+2} (You found it on level 10 of the Dungeon)
 12169 | D:10     | Found a staircase to the Lair.
 12378 | D:10     | Noticed Delanovic's ghost (journeyman SpEn)
 12394 | D:10     | Killed Delanovic's ghost
 12814 | D:11     | Noticed a purple ugly thing
 13254 | Lair:1   | Entered Level 1 of the Lair of Beasts
 13275 | Lair:1   | Reached skill level 3 in Shields
 13275 | Lair:1   | Reached skill level 6 in Invocations
 13278 | Lair:1   | Noticed DarkMoon's ghost (journeyman DrTm)
 13312 | Lair:1   | Killed DarkMoon's ghost
 13806 | Lair:1   | Noticed a fire dragon
 13818 | Lair:1   | Killed a fire dragon
 14139 | Lair:1   | Reached skill level 14 in Maces & Flails
 14413 | Lair:2   | Gained mutation: You have a pair of horns on your head. [demonic ancestry]
 14413 | Lair:2   | Reached XP level 12. HP: 86/86 MP: 17/17
 14570 | Lair:2   | Reached skill level 6 in Shields
 14692 | Lair:2   | Found a staircase to the Swamp.
 14780 | Lair:2   | Reached skill level 6 in Dodging
 14798 | Lair:2   | Found a hole to the Spider Nest.
 14799 | Lair:2   | Noticed Erica
 14817 | Lair:2   | Killed Erica
 15105 | Lair:3   | Noticed a four-headed hydra
 15110 | Lair:3   | Killed a four-headed hydra
 15110 | Lair:3   | Reached skill level 6 in Armour
 15149 | Lair:3   | Noticed a five-headed hydra
 15156 | Lair:3   | Killed a five-headed hydra
 15156 | Lair:3   | Reached skill level 6 in Fighting
 15296 | Lair:3   | Found a labyrinth entrance.
 15308 | Lab      | Entered a labyrinth
 15643 | Lab      | Noticed a minotaur
 15652 | Lab      | Killed a minotaur
 15654 | Lab      | Got a crude silver ring
 15659 | Lab      | Got a faintly glowing robe
 15709 | Lair:3   | Noticed a five-headed hydra
 15717 | Lair:3   | Killed a five-headed hydra
 17034 | Lair:4   | Noticed a catoblepas
 17047 | Lair:4   | Killed a catoblepas
 17230 | Lair:5   | Found a glowing silver altar of Zin.
 17453 | Lair:5   | Reached skill level 9 in Shields
 17460 | Lair:5   | Reached ***** piety under Makhleb
 17493 | Lair:5   | Reached XP level 13. HP: 95/95 MP: 19/19
 17589 | Lair:5   | Identified the ring of Roynymul {+Blink +Inv rF- rN+ Dex+4} (You took it off a minotaur in a labyrinth)
 17930 | Lair:6   | Entered Level 6 of the Lair of Beasts
 18132 | Lair:6   | Found an iron altar of Okawaru.
 18150 | Lair:6   | Got a pitted pewter ring
 18169 | Lair:6   | Found a staircase to the Slime Pits.
 18288 | Lair:6   | Identified the ring "Ukowk" {-Tele rElec EV+3 Dex+3} (You found it on level 6 of the Lair of Beasts)
 18293 | Lair:6   | Found a frozen archway.
 18316 | IceCv    | Entered an ice cave
 18326 | IceCv    | Reached skill level 9 in Invocations
 18440 | IceCv    | Found a transporter.
 18607 | Lair:6   | Reached skill level 15 in Maces & Flails
 19588 | Orc:1    | Entered Level 1 of the Orcish Mines
 19609 | Orc:1    | Reached skill level 9 in Armour
 19675 | Orc:1    | Noticed an ettin
 19675 | Orc:1    | Reached XP level 14. HP: 104/104 MP: 21/21
 19786 | Orc:2    | Entered Level 2 of the Orcish Mines
 19786 | Orc:2    | Found a staircase to the Elven Halls.
 19786 | Orc:2    | Found Qerisim's Book Boutique.
 19944 | Orc:2    | Noticed Blork the orc
 19962 | Orc:2    | Killed Blork the orc
 19988 | Orc:2    | Paralysed by an orc sorcerer for 5 turns
 20072 | Orc:1    | Reached ****** piety under Makhleb
 20083 | Orc:1    | Found a roughly hewn altar of Beogh.
 20425 | Orc:2    | Paralysed by an orc sorcerer for 4 turns
 20449 | Orc:2    | Noticed Saint Roka
 20453 | Orc:2    | Noticed Nessos
 20461 | Orc:2    | Killed Nessos
 20801 | Orc:2    | Killed Saint Roka
 20801 | Orc:2    | Reached skill level 12 in Shields
 20913 | Orc:2    | Found a roughly hewn altar of Beogh.
 21097 | Orc:2    | Found Watageoh's Antique Armour Shop.
 21223 | Orc:2    | Found Jouqat's Antique Weapon Shop.
 21307 | Orc:2    | Found Sebresye's Jewellery Shop.
 21313 | Orc:2    | Bought an uncursed ring of poison resistance for 360 gold pieces
 21329 | Orc:2    | Bought a glowing cloak for 187 gold pieces
 21349 | Orc:2    | Found Saeth's General Store.
 21356 | Orc:2    | Bought a scroll of identify for 28 gold pieces
 21356 | Orc:2    | Bought a scroll of identify for 28 gold pieces
 21545 | Swamp:1  | Entered Level 1 of the Swamp
 22149 | Swamp:1  | Gained mutation: You are dopey. (Int -2) [potion of mutation]
 22149 | Swamp:1  | Gained mutation: Your muscles are strong. (Str +2) [potion of mutation]
 22150 | Swamp:1  | Lost mutation: You are dopey. (Int -2) [potion of mutation]
 22150 | Swamp:1  | Gained mutation: You are resistant to hostile enchantments. (MR+) [potion of mutation]
 22640 | Swamp:2  | Reached skill level 16 in Maces & Flails
 22775 | Swamp:2  | Reached XP level 15. HP: 112/112 MP: 23/23
 22872 | Swamp:2  | Noticed a thorn hunter
 22885 | Swamp:2  | Killed a thorn hunter
 22885 | Swamp:2  | Reached skill level 9 in Fighting
 24150 | Swamp:4  | Entered Level 4 of the Swamp
 24165 | Swamp:4  | Noticed a thorn hunter
 24308 | Swamp:3  | Killed a thorn hunter
 24359 | Swamp:4  | Reached skill level 9 in Dodging
 24930 | Swamp:4  | Got a decaying rune of Zot
 25704 | Spider:1 | Entered Level 1 of the Spider Nest
 25712 | Spider:1 | You fall through a shaft!
 25774 | Spider:1 | Noticed a ghost moth
 25778 | Spider:1 | Killed a ghost moth
 25778 | Spider:1 | Reached skill level 12 in Invocations
 25787 | Spider:1 | Found the +10 dark maul {crush}
 25944 | Spider:1 | Gained mutation: You have a pair of large horns on your head. [demonic ancestry]
 25944 | Spider:1 | Reached XP level 16. HP: 119/122 MP: 25/25
 25950 | Spider:1 | Noticed Josephine
 26011 | Spider:1 | Killed Josephine
 26094 | Spider:1 | Noticed Agnes
 26101 | Spider:1 | Killed Agnes
 27122 | Spider:3 | Reached skill level 17 in Maces & Flails
 27247 | Spider:3 | Reached skill level 12 in Armour
 27636 | Spider:4 | Entered Level 4 of the Spider Nest
 28694 | Spider:4 | Gained mutation: When seriously injured, your bleeding wounds create thick armour. (AC +0) [demonic ancestry]
 28694 | Spider:4 | Reached XP level 17. HP: 129/129 MP: 26/26
 28821 | Spider:4 | Got a gossamer rune of Zot
 29559 | D:11     | Found a hide-covered altar of Uskayaw.
 29894 | D:12     | Noticed Harold
 29900 | D:12     | Killed Harold
 30419 | D:13     | Noticed Azrael
 30433 | D:13     | Killed Azrael
 30450 | D:13     | Found a gate to the Vaults.
 30545 | D:13     | Found Plog's Blood Bar.
 31821 | D:15     | Entered Level 15 of the Dungeon
 31908 | D:14     | Reached skill level 15 in Shields
 31913 | D:15     | Noticed RepoMan's ghost (adept VSAs)
 32017 | D:15     | Killed RepoMan's ghost
 32254 | D:15     | Reached skill level 18 in Maces & Flails
 32283 | D:15     | Found a shimmering altar of Xom.
 32622 | D:15     | Found a staircase to the Depths.
 32865 | Elf:1    | Entered Level 1 of the Elven Halls
 33062 | Elf:1    | Found Oqosy's Distillery.
 33070 | Elf:1    | Bought a potion of curing for 48 gold pieces
 33070 | Elf:1    | Bought a potion of curing for 48 gold pieces
 33070 | Elf:1    | Bought a potion of might for 64 gold pieces
 33070 | Elf:1    | Bought a potion of curing for 48 gold pieces
 33070 | Elf:1    | Bought a potion of heal wounds for 80 gold pieces
 33070 | Elf:1    | Bought a potion of curing for 48 gold pieces
 33103 | Elf:1    | Gained mutation: You may emit foul miasma when damaged in melee. [demonic ancestry]
 33103 | Elf:1    | Reached XP level 18. HP: 138/138 MP: 28/28
 33210 | Elf:1    | Found Cauladat's Distillery.
 33217 | Elf:1    | Bought a potion of might for 72 gold pieces
 33217 | Elf:1    | Bought a potion of might for 72 gold pieces
 33786 | Elf:2    | Noticed Nikola
 33805 | Elf:2    | Killed Nikola
 33994 | Elf:2    | Found a radiant altar of Vehumet.
 34379 | Elf:2    | Found a runed gate.
 34381 | Elf:2    | Found a runed gate.
 34382 | Elf:2    | Found a runed gate.
 35409 | Elf:2    | HP: 27/140 [bardiche of holy wrath (21)]
 35616 | Elf:3    | Entered Level 3 of the Elven Halls
 35620 | Elf:3    | Reached skill level 12 in Fighting
 35760 | Elf:3    | Found Moiplerch's Weapon Boutique.
 35768 | Elf:3    | Found Sudaz's Weapon Emporium.
 36172 | Elf:3    | Found Yla Tieri's Gadget Boutique.
 36268 | Elf:3    | Reached skill level 15 in Invocations
 36573 | Elf:3    | Noticed a Brimstone Fiend
 36573 | Elf:3    | Noticed Jorgrun
 36968 | Elf:3    | Killed Jorgrun
 36978 | Elf:3    | Gained mutation: When seriously injured, your bleeding wounds create very thick armour. (AC +0) [demonic ancestry]
 36978 | Elf:3    | Reached XP level 19. HP: 147/147 MP: 30/30
 37531 | Elf:3    | Cast into level 4 of the Abyss (a deep elf sorcerer)
 37531 | Abyss:4  | Found a corrupted altar of Lugonu.
 37565 | Abyss:5  | Entered Level 5 of the Abyss
 37637 | Elf:3    | Escaped the Abyss
 37655 | Elf:2    | Reached skill level 19 in Maces & Flails
 38208 | Elf:3    | Got a clouded marble ring
 38308 | Elf:3    | Identified the cursed ring of Koudoqod {+Blink Slay-5} (You took it off a deep elf sorcerer on level 3 of the Elven Halls)
 38336 | Elf:3    | Reached skill level 12 in Dodging
 38360 | Elf:3    | Got a scorched diamond amulet
 38364 | Elf:3    | Identified the amulet "Tiahyfuo" {+Rage rN+ Str+3} (You took it off a deep elf master archer on level 3 of the Elven Halls)
 38389 | Elf:3    | Got a pair of distressingly furry boots
 38390 | Elf:3    | Identified the +1 pair of boots of Sentezxi {*Drain +Inv Int+5 Dex+3} (You found it on level 3 of the Elven Halls)
 38477 | Elf:3    | Found the +6 arbalest "Damnation" {damnation}
 38515 | Elf:3    | Got a heavy robe
 38524 | Elf:3    | Got a coiled bronze ring
 38538 | Elf:3    | Identified the ring "Cusaare" {rPois rF- MR++} (You found it on level 3 of the Elven Halls)
 38872 | Vaults:1 | Entered Level 1 of the Vaults
 40325 | Vaults:2 | Noticed Aizul
 40340 | Vaults:2 | Killed Aizul
 40414 | Vaults:2 | Gained mutation: Your magical and physical power is enhanced at high health. [demonic ancestry]
 40414 | Vaults:2 | Reached XP level 20. HP: 156/156 MP: 32/32
 40419 | Vaults:2 | Noticed Bai Suzhen
 40453 | Vaults:2 | Killed Bai Suzhen
 40948 | Vaults:2 | Reached skill level 20 in Maces & Flails
 40948 | Vaults:2 | Reached skill level 15 in Armour
 41351 | Vaults:3 | Noticed Xtahua
 41358 | Vaults:3 | Killed Xtahua
 41534 | Vaults:3 | Found a staircase to the Crypt.
 41534 | Vaults:3 | Found a basalt altar of Yredelemnul.
 41535 | Vaults:3 | Found an ancient bone altar of Kikubaaqudgha.
 41625 | Vaults:3 | Found Egesaloxt's Magic Scroll Shop.
 41632 | Vaults:3 | Bought a scroll of teleportation for 63 gold pieces
 41632 | Vaults:3 | Bought a scroll of blinking for 157 gold pieces
 41632 | Vaults:3 | Bought a scroll of blinking for 157 gold pieces
 41632 | Vaults:3 | Bought a scroll of identify for 42 gold pieces
 41632 | Vaults:3 | Bought a scroll of identify for 42 gold pieces
 41632 | Vaults:3 | Bought a scroll of blinking for 157 gold pieces
 41632 | Vaults:3 | Bought a scroll of identify for 42 gold pieces
 41632 | Vaults:3 | Bought a scroll of identify for 42 gold pieces
 42715 | Vaults:4 | Reached XP level 21. HP: 165/165 MP: 33/33
 43842 | Vaults:4 | Found Tatetos's Assorted Antiques.
 43942 | Vaults:5 | Entered Level 5 of the Vaults
 43991 | Vaults:5 | Noticed an ancient lich
 44003 | Vaults:5 | Killed an ancient lich
 44030 | Vaults:5 | Reached skill level 21 in Maces & Flails
 44057 | Vaults:5 | Reached skill level 18 in Invocations
 44378 | Vaults:5 | Noticed a golden dragon
 44388 | Vaults:5 | Reached XP level 22. HP: 174/174 MP: 35/35
 44406 | Vaults:5 | Killed a golden dragon
 44409 | Vaults:5 | Noticed a golden dragon
 44421 | Vaults:5 | Killed a golden dragon
 44535 | Vaults:5 | Reached skill level 15 in Fighting
 45085 | Vaults:5 | Got a coiled jade ring
 45086 | Vaults:5 | Identified the ring of Vapydeon {MP+9 Str+5} (You took it off a frost giant on level 5 of the Vaults)
 45138 | Vaults:5 | Got a scorched scale mail
 45155 | Vaults:5 | Identified the +2 scale mail of the Big Bang {rC- Int+6} (You took it off an orc on level 5 of the Vaults)
 45473 | Vaults:5 | Got a warped leather armour
 45621 | Vaults:5 | Got a brightly glowing tin ring
 45624 | Vaults:5 | Identified the ring "Ojiybu" {*Tele +Fly rPois MR-} (You took it off an orc on level 5 of the Vaults)
 46115 | Vaults:5 | Identified the Disquisition on Dislocated Boosts
 46125 | Vaults:5 | Identified the Handbook of Atheism
 46127 | Vaults:5 | Identified the Guide on Envenoming
 46139 | Vaults:5 | Got a silver rune of Zot
 46296 | Vaults:3 | Bought a scroll of remove curse for 63 gold pieces
 46296 | Vaults:3 | Bought a scroll of fog for 42 gold pieces
 46491 | Depths:1 | Entered Level 1 of the Depths
 46654 | Depths:1 | Reached skill level 22 in Maces & Flails
 46681 | Depths:1 | Gained mutation: Your magical and physical power is greatly enhanced at high health. [demonic ancestry]
 46681 | Depths:1 | Reached XP level 23. HP: 131/182 MP: 36/36
 46697 | Depths:1 | Found a gateway to Hell.
 46787 | Depths:1 | Noticed hofbold's ghost (journeyman DsBe)
 46827 | Depths:1 | Killed hofbold's ghost
 47860 | Depths:2 | Found a one-way gate leading to the halls of Pandemonium.
 47872 | Depths:2 | Found a one-way gate to the infinite horrors of the Abyss.
 47903 | Depths:2 | Noticed a caustic shrike
 47918 | Depths:2 | Killed a caustic shrike
 47929 | Depths:2 | Reached skill level 15 in Dodging
 47998 | Depths:2 | Noticed an ancient lich
 47999 | Depths:2 | Noticed an ancient lich
 48006 | Depths:2 | Found the +6 lightning scales {run, rElec}
 48010 | Depths:2 | Killed an ancient lich
 48187 | Depths:2 | Noticed a caustic shrike
 48192 | Depths:2 | Noticed a caustic shrike
 48196 | Depths:2 | Killed a caustic shrike
 48205 | Depths:2 | Noticed a juggernaut
 48215 | Depths:2 | Killed a juggernaut
 48549 | Depths:2 | Killed an ancient lich
 48736 | Depths:2 | Reached XP level 24. HP: 192/192 MP: 37/37
 48750 | Depths:2 | Identified the +7 mace of Woe {protect, -Tele *Corrode rF+++ SInv} (You found it on level 2 of the Depths)
 49640 | Depths:3 | Got a crude plate armour
 49641 | Depths:3 | Identified the +9 plate armour of the Eleven Songs {rF+ rCorr Dex+4} (You found it on level 3 of the Depths)
 49751 | Depths:3 | Reached skill level 23 in Maces & Flails
 49753 | Depths:3 | Noticed the Enchantress
 49762 | Depths:3 | Killed the Enchantress
 49765 | Depths:3 | Got faerie dragon scales
 49775 | Depths:3 | Found the +10 large shield of Ignorance {rN+ Int-4}
 49985 | Depths:3 | Gained mutation: You are frail. (-10% HP) [a neqoxec]
 50196 | Depths:4 | Noticed Margery
 50669 | Depths:3 | Found a gateway to a ziggurat.
 50818 | Depths:3 | Killed Margery
 51821 | Depths:5 | Entered Level 5 of the Depths
 51978 | Depths:5 | Reached XP level 25. HP: 180/180 MP: 37/37
 52545 | Depths:5 | Reached skill level 18 in Armour
 52620 | Depths:5 | Got a steaming plate armour
 52621 | Depths:5 | Identified the +7 plate armour of Pixtuck {+Inv MR+} (You found it on level 5 of the Depths)
 53325 | Depths:5 | Found a gate to the Realm of Zot.
 53344 | Depths:5 | Found the +7 sceptre of Torment
 53845 | Crypt:1  | Entered Level 1 of the Crypt
 54625 | Swamp:1  | Lost mutation: Your muscles are strong. (Str +2) [potion of mutation]
 54625 | Swamp:1  | Lost mutation: You are frail. (-10% HP) [potion of mutation]
 54625 | Swamp:1  | Gained mutation: You expend magic power (3 MP) to strengthen your wands. [potion of mutation]
 54625 | Swamp:1  | Gained mutation: Your flesh is cold resistant. (rC+) [potion of mutation]
 55771 | Crypt:2  | Reached skill level 24 in Maces & Flails
 56614 | Zot:1    | Entered Level 1 of the Realm of Zot
 56693 | Zot:1    | Found a transporter.
 57137 | Zot:1    | Found a transporter.
 57482 | Zot:1    | Gained mutation: You frequently emit foul miasma when damaged in melee. [demonic ancestry]
 57482 | Zot:1    | Reached XP level 26. HP: 211/211 MP: 37/37
 57488 | Zot:1    | Cast into level 5 of the Abyss (the power of Zot)
 57488 | Abyss:5  | Entered Level 5 of the Abyss
 57489 | Abyss:5  | Found a corrupted altar of Lugonu.
 57539 | Abyss:5  | Reached skill level 18 in Fighting
 57599 | Abyss:5  | Got an abyssal rune of Zot
 57668 | Zot:1    | Escaped the Abyss
 57852 | Zot:1    | Got a distressingly furry leather armour
 57856 | Zot:1    | Got a coiled turquoise ring
 57865 | Zot:1    | Got an ancient plate armour
 57874 | Zot:1    | Identified the ring "Mowes" {*Tele *Contam rElec rN+ Str+2} (You found it on level 1 of the Realm of Zot)
 57875 | Zot:1    | Identified the ring "Zibrusot" {rCorr rF++ MR++} (You found it on level 1 of the Realm of Zot)
 57876 | Zot:1    | Identified the +11 plate armour "Cuullikk" {rElec Str-4 Dex+6 Stlth+} (You found it on level 1 of the Realm of Zot)
 57877 | Zot:1    | Identified the +3 leather armour "Jonedd" {rF+} (You found it on level 1 of the Realm of Zot)
 58422 | Zot:2    | Noticed an ancient lich
 58430 | Zot:2    | Killed an ancient lich
 59114 | Zot:2    | Reached skill level 18 in Shields
 59133 | Zot:2    | Noticed an electric golem
 59147 | Zot:2    | Killed an electric golem
 59246 | Zot:2    | Noticed an orb of fire
 59246 | Zot:2    | Gained mutation: You are frail. (-10% HP) [an orb of fire]
 59255 | Zot:2    | Gained mutation: You have very sharp teeth. [an orb of fire]
 59264 | Zot:2    | Gained mutation: Your magical capacity is low. (-10% MP) [an orb of fire]
 59268 | Zot:2    | Killed an orb of fire
 59284 | Zot:2    | Lost mutation: You expend magic power (3 MP) to strengthen your wands. [potion of mutation]
 59284 | Zot:2    | Lost mutation: Your magical capacity is low. (-10% MP) [potion of mutation]
 59284 | Zot:2    | Lost mutation: You are frail. (-10% HP) [potion of mutation]
 59284 | Zot:2    | Lost mutation: You have very sharp teeth. [potion of mutation]
 59284 | Zot:2    | Gained mutation: You are dopey. (Int -2) [potion of mutation]
 59284 | Zot:2    | Gained mutation: Scrolls take you a little longer to read. [potion of mutation]
 59284 | Zot:2    | Gained mutation: You passively map a small area around you. [potion of mutation]
 59577 | Zot:3    | Reached XP level 27. HP: 219/219 MP: 37/37
 59774 | Zot:3    | Noticed an electric golem
 60023 | Zot:3    | Killed an electric golem
 61372 | Zot:4    | Noticed an electric golem
 61379 | Zot:4    | Killed an electric golem
 61573 | Zot:4    | Noticed an electric golem
 61586 | Zot:4    | Killed an electric golem
 62398 | Zot:5    | Entered Level 5 of the Realm of Zot
 62419 | Zot:5    | Noticed Toogi's ghost (master CeHu)
 62437 | Zot:5    | Killed Toogi's ghost
 62657 | Zot:5    | Noticed an electric golem
 62675 | Zot:5    | Killed an electric golem
 62741 | Zot:5    | Noticed an orb of fire
 62746 | Zot:5    | Killed an orb of fire
 62746 | Zot:5    | Reached skill level 18 in Dodging
 63229 | Zot:5    | Noticed an ancient lich
 63457 | Zot:5    | Killed an ancient lich
 63466 | Zot:5    | Noticed an ancient lich
 63474 | Zot:5    | Killed an ancient lich
 63479 | Zot:5    | Noticed an electric golem
 63486 | Zot:5    | Killed an electric golem
 63528 | Zot:5    | Noticed an electric golem
 63528 | Zot:5    | Noticed an orb of fire
 63528 | Zot:5    | Gained mutation: You are frail. (-10% HP) [an orb of fire]
 63540 | Zot:5    | Killed an orb of fire
 63570 | Zot:5    | Noticed an orb of fire
 63582 | Zot:5    | Killed an orb of fire
 63595 | Zot:5    | Killed an electric golem
 63609 | Zot:5    | Lost mutation: Scrolls take you a little longer to read. [potion of mutation]
 63609 | Zot:5    | Lost mutation: You passively map a small area around you. [potion of mutation]
 63609 | Zot:5    | Lost mutation: Your flesh is cold resistant. (rC+) [potion of mutation]
 63609 | Zot:5    | Lost mutation: You are frail. (-10% HP) [potion of mutation]
 63609 | Zot:5    | Gained mutation: Your natural rate of healing is unusually fast. [potion of mutation]
 63609 | Zot:5    | Gained mutation: Your flesh is cold resistant. (rC+) [potion of mutation]
 63727 | Zot:5    | Reached skill level 25 in Maces & Flails
 64112 | Zot:5    | Noticed an orb of fire
 64118 | Zot:5    | Gained mutation: Scrolls take you a little longer to read. [an orb of fire]
 64120 | Zot:5    | Killed an orb of fire
 64160 | Zot:5    | Got the Orb of Zot
 64231 | Zot:5    | Noticed Dekkytoo the pandemonium lord
 64231 | Zot:5    | Noticed Exenoesch the pandemonium lord
 64659 | D:11     | Noticed Lushept the pandemonium lord
 64701 | D:10     | Noticed Qaarosua the pandemonium lord
 64933 | D:$      | Escaped with the Orb!

Vault maps used:
D:1:      sevenhm_arrival_forest_fort_small_4
D:2:      overflow_temple_1_default, nemelex_altar_shiori, minmay_distorted,
          uniq_sigmund
D:3:      nicolae_overflow_crystal_walls
D:4:      kennysheep_mini_moat, first_ration, okawaru_trees_2, uniq_duvessa
D:5:      overflow_temple_1_default, nicolae_overflow_hidden_temple,
          lightli_sewer_entry_pipes
D:6:      overflow_temple_1_default, marbit_many_paths, uniq_grinder, uniq_pikel
D:7:      minmay_temple_entry_junction, the_bakery, grunt_ministairs_12,
          uniq_crazy_yiuf_cottage
D:8:      lemuel_doored_altar, fiery_altar_vehumet, kennysheep_generic_room_7,
          uniq_prince_ribbit1, uniq_grum
D:9:      tso_oasis_becter, orc_0_dummy, basic_altar,
          minmay_misc_feat_nine_boxes, lemuel_mausoleum_altar_kikubaaqudgha
D:10:     lair_entry_dummy, enter_bailey_1
D:11:     basic_altar, lightli_fourway_metalbox
D:12:     uniq_harold
D:13:     david_vaults_5, guppyfry_shop_blood, uniq_azrael
D:14:     kennysheep_minor_cross, palyth_stone_intersect,
          kennysheep_generic_room_15
D:15:     grunt_enter_depths_hoard, basic_altar, kennysheep_flooded_box
Temple:   cyrus_temple_forest
Lair:1:   dragon1_lemuel, minivault_24, worms_lemuel
Lair:2:   swamp_mist_pool, dummy_spider_entry, wad_woods_01, grunt_megastairs_5,
          uniq_erica
Lair:3:   lab_entry_generic
Lair:5:   basic_altar
Lair:6:   grunt_lair_end_beastmaster, minmay_slime_entry_pillars, basic_altar,
          portal_ice_cave_entry_imps, grunt_megastairs_3, serial_bayou_shore_b
Swamp:1:  evilmike_swamp_ruin_house_5, swamp_pool1
Swamp:2:  evilmike_swamp_ruin_house_2, infiniplex_staircase_pool
Swamp:3:  evilmike_swamp_ruin_house_3, infiniplex_staircase_pool_2
Swamp:4:  swamp_basic_johnstein, statue_in_the_mist_lemuel
Spider:1: uniq_josephine, uniq_agnes
Spider:3: nicolae_orb_stairs
Spider:4: grunt_spider_rune_circles
Orc:1:    mines2_david
Orc:2:    grunt_orc_cross, serial_shops, shop, uniq_nessos
Elf:1:    eino_elf_arrival_shootout, serial_shops, nicolae_shop_waterfront,
          hangedman_elf_represent, minmay_shop_star
Elf:2:    basic_altar, chequers_big_river, uniq_nikola
Elf:3:    minmay_elf_hall_spiked, serial_shops, shop_statue, shop_statue, shop,
          st_stairs_7, serial_sigils_hangedman_gut, uniq_jorgrun
Vaults:1: v_rooms_1, v_rooms_5, vaults_room_grid,
          nicolae_vaults_little_squares_5, v_misc_29, hangedman_vaults_capsules,
          hangedman_vaults_corner, ontoclasm_vaults_misaligned, v_alt_pattern_3,
          v_misc_15, v_pattern_4
Vaults:2: v_misc_11, hangedman_vaults_stretched_pinwheel, st_hourglassy,
          v_pattern_3, v_misc_30, grunt_vaults_trifunnel, nicolae_vaults_theta,
          vaults_mumra_chevron, vaults_room_large_hall, v_misc_2,
          nicolae_vaults_bisected_slash, v_misc_15, v_misc_33, uniq_bai_suzhen,
          uniq_mara, uniq_aizul
Vaults:3: minmay_crypt_entry_necro_gods, vaults_room_corners,
          hangedman_vaults_slice, nicolae_vaults_mini_display_case,
          hangedman_vaults_trim, v_pattern_5, ontoclasm_vaults_claustrophobia,
          vaults_dpeg_cross, vaults_mumra_minichess, serial_shops,
          shop_fountains, uniq_xtahua
Vaults:4: nicolae_vaults_network_quinsquares, ontoclasm_vaults_twist,
          hangedman_vaults_trim, v_misc_4, v_misc_26,
          nicolae_vaults_windows_and_doors_thing, vaults_room_octagon,
          nicolae_vaults_stairing_the_circle, grunt_vaults_diagonal,
          nicolae_vaults_theta, ontoclasm_vaults_decontamination, serial_shops,
          shop
Crypt:1:  grunt_crypt_arrival_guarded_gate
Crypt:2:  item_on_display_a
Depths:1: grunt_bruiser_brothers, serial_bayou, serial_bayou_crossing,
          serial_bayou_lagoon_b, serial_bayou_shore_b, serial_bayou_pond_e,
          grunt_metal_band, serial_sigils_hangedman_snap, st_stairs_13,
          minmay_misc_feat_plants, dk_noncrumbling_2, patterned_corridor
Depths:2: hangedman_pleasuredromes, serial_shops, abyss_entry, pan_entry,
          hell_entry
Depths:3: grunt_forest_end_chambers, enter_ziggurat_b, serial_bayou_shore_b,
          rand_demon_pan_entry_9, hell_entry, infiniplex_staircase_spiral
Depths:4: minmay_box_of_statues, hell_entry, pan_entry, abyss_entry,
          infiniplex_staircase_pillars_1, uniq_margery
Depths:5: lemuel_castle_with_subvaults, hell_entry, minmay_misc_feat_tower
Zot:1:    gammafunk_its_a_trap
Zot:2:    hangedman_zot_vaults_quadrants, st_single_dragon_hoard_3, st_stairs_12
Zot:3:    grunt_twist_and_shout, grunt_ministairs_2
Abyss:5:  hangedman_summoners_spam, evilmike_abyss_rune_tso_outpost,
          evilmike_abyss_exit_10, hangedman_stitches_earthworm,
          evilmike_abyss_exit_kraken, evilmike_abyss_rune_ettins,
          evilmike_abyss_exit_4
Lab:      labyrinth_watery, labyrinth_fake_exit, nicolae_lab_statue,
          labyrinth_glass_1, nicolae_lab_quarters, nicolae_lab_t_cross
Bailey:   bailey_polearm_flooded_kennysheep, bailey
IceCv:    ice_cave_statue_garden_teleport

Action                   |  1- 3 |  4- 6 |  7- 9 | 10-12 | 13-15 | 16-18 | 19-21 | 22-24 | 25-27 || total
-------------------------+-------+-------+-------+-------+-------+-------+-------+-------+-------++-------
Melee: Flail             |    71 |    46 |       |       |       |       |       |       |       ||   117
       Morningstar       |       |    61 |   176 |   462 |   241 |       |       |       |       ||   940
       Headbutt          |       |       |    15 |   115 |   265 |   371 |   334 |   454 |   537 ||  2091
       Dire flail        |       |       |       |    67 |       |       |       |       |       ||    67
       Eveningstar       |       |       |       |       |   698 |  1289 |  1121 |  1338 |  1570 ||  6016
       Bite              |       |       |       |       |       |       |       |       |     3 ||     3
 Fire: Hunting sling     |       |       |    18 |    17 |       |       |       |       |       ||    35
Throw: Javelin           |       |       |       |       |       |     6 |    15 |       |     6 ||    27
Invok: Lesser Servant of |       |       |       |     6 |     2 |       |       |       |       ||     8
       Greater Servant o |       |       |       |       |       |     3 |       |     8 |     2 ||    13
       Major Destruction |       |       |       |       |       |       |       |     1 |       ||     1
 Abil: Evoke Berserk Rag |       |       |     2 |     1 |     1 |       |     1 |       |       ||     5
Evoke: Wand              |       |       |     4 |     9 |     8 |       |       |     3 |     9 ||    33
  Use: Scroll            |       |     3 |    11 |    11 |    17 |     8 |    29 |    29 |    20 ||   128
       Potion            |       |     2 |     2 |     8 |    10 |     7 |     5 |    16 |    22 ||    72
 Stab: Invisible         |       |       |     1 |     4 |     7 |       |     1 |       |     3 ||    16
       Distracted        |       |       |       |     1 |       |       |     1 |     3 |     1 ||     6
       Petrified         |       |       |       |       |     4 |     1 |       |       |       ||     5
       Petrifying        |       |       |       |       |     3 |       |       |       |       ||     3
       Confused          |       |       |       |       |       |       |       |       |     2 ||     2
  Eat: Chunk             |     1 |     5 |    13 |    25 |    19 |    22 |    23 |    14 |    19 ||   141
       Ration            |       |       |     1 |     3 |     3 |     5 |       |     4 |     9 ||    25
Armor: Ring mail         |    13 |       |       |       |       |       |       |       |       ||    13
       Chain mail        |    26 |    39 |    11 |   112 |   377 |   538 |    13 |       |       ||  1116
       Plate armour      |       |       |    65 |   143 |       |       |       |       |       ||   208
       Crystal plate arm |       |       |       |       |       |       |   353 |   581 |   589 ||  1523
Dodge: Dodged            |    27 |    33 |    37 |   193 |   288 |   491 |   283 |   333 |   440 ||  2125
Block: Buckler           |       |       |       |    93 |       |       |       |       |       ||    93
       Large shield      |       |       |       |       |   896 |   749 |    20 |  1411 |  1388 ||  4464
       Shield            |       |       |       |       |       |   544 |   663 |       |       ||  1207
       Reflection        |       |       |       |       |       |    59 |    94 |    97 |    20 ||   270
